 Dungeon Crawl Stone Soup version 0.22-a0-558-gc224181 (webtiles) character file.

82 royokou the Conjurer (level 4, 0/21 HPs)
             Began as a Deep Elf Conjurer on June 27, 2018.
             Succumbed to an adder's poison
             ... on level 3 of the Dungeon.
             The game lasted 00:15:33 (2277 turns).

royokou the Conjurer (Deep Elf Conjurer)            Turns: 2277, Time: 00:15:35

Health: 0/21       AC:  6    Str:  4 (6)  XL:     4   Next: 21%
Magic:  11/11      EV: 12    Int: 18 (20) God:
Gold:   88         SH:  0    Dex: 12 (13) Spells: 2/9 levels left

rFire    . . .     SeeInvis .   w - +0 short sword
rCold    . . .     Gourm    .   (no shield)
rNeg     . . .     Faith    .   t - +0 leather armour
rPois    .         Spirit   .   o - +2 helmet
rElec    .         Reflect  .   (no cloak)
rCorr    .         Harm     .   (no gloves)
MR       .....                  (no boots)
Stlth    ++........             l - amulet of magic regeneration
HPRegen  0.07/turn              (no ring)
MPRegen  0.37/turn              (no ring)

@: lethally poisoned (0 -> -2)
A: clumsy 1, frail 1, sense surroundings 1
a: no special abilities


You were on level 3 of the Dungeon.
You were not hungry.

You visited 1 branch of the dungeon, and saw 3 of its levels.

You collected 88 gold pieces.

Inventory:

Hand Weapons
 b - a +0 short sword
 g - a +0 spear
 j - a +0 hunting sling
 r - a +0 whip
 w - a +0 short sword (weapon)
 x - a +0 hand axe of electrocution
Missiles
 f - 22 bolts
Armour
 a - a +0 robe
 d - a +0 robe
 h - a +0 robe
 n - a +0 robe
 o - a +2 helmet (worn)
 s - a +0 scale mail
 t - a +0 leather armour (worn)
Jewellery
 l - an amulet of magic regeneration (around neck)
Scrolls
 e - a scroll of teleportation
 i - 3 scrolls of identify
 k - a scroll of noise
 q - a scroll of blinking
Comestibles
 c - 3 rations


   Skills:
 + Level 0.2 Short Blades
 + Level 0.2 Armour
 + Level 3.4 Dodging
 + Level 2.8 Stealth
 + Level 3.4 Spellcasting
 + Level 5.4 Conjurations


You had 2 spell levels left.
You knew the following spells:

 Your Spells              Type           Power        Failure   Level  Hunger
a - Magic Dart            Conj           ###.         3%          1    None
b - Searing Ray           Conj           ###...       4%          2    ##.....
c - Iskenderun's Mystic   Conj           ###.....     30%         4    ####...

Your spell library contained the following spells:

 Spells                   Type           Power        Failure   Level  Hunger
 Fulminant Prism          Conj/Hex       ##........   67%         4    ####...
 Dazzling Spray           Conj/Hex       ##....       28%         3    ###....
 Force Lance              Conj/Tloc      ##......     67%         4    ####...


Dungeon Overview and Level Annotations

Branches:
Dungeon (3/15)

Altars:
Gozag

Annotations:
D:3 Sigmund


Innate Abilities, Weirdness & Mutations

You are clumsy. (Dex -2)
You are frail. (-10% HP)
You passively map a small area around you.


Message History

Okay, then.
You feel sick.
You see here an adder corpse.
* * * LOW HITPOINT WARNING * * *
You feel sick.
* * * LOW HITPOINT WARNING * * *
You feel sick.
* * * LOW HITPOINT WARNING * * *
You feel sick.
* * * LOW HITPOINT WARNING * * *
You feel sick.
* * * LOW HITPOINT WARNING * * *
You feel sick.
* * * LOW HITPOINT WARNING * * *
You feel sick.
Okay, then.
You aren't carrying any potions.
* * * LOW HITPOINT WARNING * * *
You feel sick.
You die...

, * #...# * , ,
###.# , , *, #.# , ,
*, #.# , * * #.# *
** #.# , ,, #.# *
*.################.#
[......@..........#
###################


There were no monsters in sight!

Vanquished Creatures
  Robin (D:3)
  2 adders
  2 dart slugs
  2 ball pythons (D:1)
  3 giant cockroaches
  14 goblins
  6 hobgoblins
  2 jackals (D:1)
  3 bats
  2 frilled lizards
  5 kobolds
  2 rats (D:1)
44 creatures vanquished.

Notes
Turn   | Place    | Note
-------+----------+-------------------------------------------
     0 | D:1      | royokou the Deep Elf Conjurer began the quest for the Orb.
     0 | D:1      | Reached XP level 1. HP: 10/10 MP: 6/6
   230 | D:1      | Reached XP level 2. HP: 15/15 MP: 2/8
   320 | D:1      | Learned a level 2 spell: Searing Ray
   713 | D:1      | Reached skill level 5 in Conjurations
  1052 | D:1      | Gained mutation: You are frail. (-10% HP) [potion of mutation]
  1052 | D:1      | Gained mutation: You are clumsy. (Dex -2) [potion of mutation]
  1052 | D:1      | Gained mutation: You passively map a small area around you. [potion of mutation]
  1159 | D:2      | Reached XP level 3. HP: 17/17 MP: 5/9
  1640 | D:2      | Found an opulent altar of Gozag.
  1951 | D:3      | Noticed Robin
  2155 | D:3      | Killed Robin
  2155 | D:3      | Reached XP level 4. HP: 21/21 MP: 7/11
  2169 | D:3      | Learned a level 4 spell: Iskenderun's Mystic Blast
  2192 | D:3      | Noticed Sigmund
  2273 | D:3      | HP: 1/21 [poisoned by an adder]
  2277 | D:3      | Succumbed to an adder's poison

Vault maps used:
D:1:      kilobyte_arrival_exit_the_forest, kennysheep_decorative_pillar,
          hangedman_abyss_or_decor_stabs
D:2:      grunt_gozag_statues
D:3:      lemuel_coloured_pillars_altar, grunt_qazlal_sundering, uniq_robin,
          uniq_sigmund

Skill      XL: |  1  2  3 |
---------------+----------+-----
Conjurations   | 5 |  5.4
Dodging        | 3 |  3.4
Short Blades   | |  0.2
Armour         | |  0.2
Stealth        | |  2.8
Spellcasting   | |  3.4

Action                   |  1- 3 |  4- 6 || total
-------------------------+-------+-------++-------
Melee: Unarmed           |     2 |       ||     2
       Short sword       |    58 |     7 ||    65
 Cast: Magic Dart        |    60 |     2 ||    62
       Searing Ray       |     6 |     1 ||     7
  Use: Scroll            |     8 |       ||     8
       Potion            |     4 |       ||     4
  Eat: Chunk             |     4 |       ||     4
Armor: Robe              |     5 |       ||     5
       Leather armour    |    18 |       ||    18
Dodge: Dodged            |    66 |     8 ||    74

Table legend:
 A = Spawn XP
 B = Non-spawn XP
 C = Spawn XP percentage of total XP
 D = Spawn monster count
 E = Non-spawn monster count
 F = Spawn count percentage of total count
 G = Total turns spent on level
                    A         B        C        D         E        F      G
               +---------+---------+-------+---------+---------+-------+---------
         Total |       0 |     118 |   0.0 |       0 |      44 |   0.0 |  2277
               +---------+---------+-------+---------+---------+-------+---------
           D:1 |       0 |      33 |   0.0 |       0 |      19 |   0.0 |  1103
           D:2 |       0 |      54 |   0.0 |       0 |      22 |   0.0 |  1040
           D:3 |       0 |      31 |   0.0 |       0 |       3 |   0.0 |   134
               +---------+---------+-------+---------+---------+-------+---------
